 Dungeon Crawl Stone Soup version 0.30.1-9-gdf580d7c3d (webtiles) character file.

Game seed: 15997643785052350156

1572 danielguo94 the Basher (level 8, -5/49 HPs)
             Began as a Gargoyle Fighter on Oct 10, 2023.
             Slain by Duvessa
             ... wielding a +0 rapier
              (14 damage)
             ... on level 5 of the Dungeon.
             The game lasted 00:06:30 (4379 turns).

danielguo94 the Basher (Gargoyle Fighter)           Turns: 4379, Time: 00:06:31

Health: -5/49      AC: 21    Str: 28    XL:     8   Next: 90%
Magic:  8/8        EV:  9    Int:  9    God:
Gold:   331        SH:  4    Dex:  9    Spells: 7/7 levels left

rFire   . . .        a - +0 flail
rCold   . . .        c - +0 buckler
rNeg    + . .        z - +0 chain mail
rPois   ∞            (no helmet)
rElec   +            g - +1 cloak
rCorr   .            (no gloves)
SInv    .            (no boots)
Will    .....        r - amulet of regeneration Stlth
                     k - +6 ring of strength
HPRegen 1.08/turn    y - +4 ring of protection
MPRegen 0.11/turn

%: no passive effects
@: mighty
A: sickness immunity, AC +5, negative energy resistance 1, electricity
resistance, torment resistance 1, petrification resistance
a: no special abilities


You were on level 5 of the Dungeon.
You visited 1 branch of the dungeon, and saw 6 of its levels.

You collected 331 gold pieces.

Inventory:

Hand Weapons
 a - a +0 flail (weapon)
Missiles
 u - 2 javelins
Armour
 c - a +0 buckler (worn)
 g - a +1 cloak (worn)
 z - a +0 chain mail (worn)
Jewellery
 e - a ring of ice
 k - a +6 ring of strength (left hand)
 p - a +6 ring of dexterity
 r - an amulet of regeneration (around neck)
 y - a +4 ring of protection (right hand)
Wands
 n - a wand of charming (8)
 s - a wand of polymorph (23) (quivered)
 C - a wand of quicksilver (3)
Scrolls
 f - 2 scrolls of teleportation
 h - a scroll of butterflies {unknown}
 i - 2 scrolls of fear {unknown}
 j - a scroll of blinking {unknown}
 l - 4 scrolls of magic mapping
 t - 2 scrolls of vulnerability {unknown}
 v - a scroll of immolation {unknown}
 w - a scroll of poison {unknown}
Potions
 b - 4 potions of curing {unknown}
 d - a potion of might
 o - 3 potions of mutation
 q - a potion of ambrosia {unknown}
 x - a potion of attraction {unknown}
 A - 2 potions of flight {unknown}
 B - a potion of brilliance {unknown}


   Skills:
 + Level 5.1 Fighting
 * Level 9.0 Maces & Flails
 + Level 4.9 Armour
 + Level 1.5 Dodging
 + Level 4.7 Shields
 + Level 1.1 Evocations


You had 7 spell levels left.
You didn't know any spells.
Your spell library contained the following spells:

 Spells                   Type           Power      Damage    Failure   Level
 Apportation              Tloc           0%         N/A       90%         1
 Magic Dart               Conj           0%         1d3       90%         1
 Necrotise                Necr           0%         1d4       90%         1
 Summon Small Mammal      Summ           0%         N/A       90%         1
 Ensorcelled Hibernation  Hex/Ice        0%         N/A       97%         2
 Passwall                 Tmut/Erth      0%         N/A       97%         2
 Searing Ray              Conj           0%         2d4       97%         2
 Swiftness                Air            0%         N/A       99%         3
 Fulminant Prism          Conj/Hex       0%         3d5       100%        4


Dungeon Overview and Level Annotations

Branches:
Dungeon (6/15)
 Temple: D:4-7

Altars:
Dithmenos
Elyvilon
Hepliaklqana
Sif Muna
Trog
Vehumet
Zin

Shops:
D:2 (

Annotations:
D:5 Duvessa
D:6 Grinder


Innate Abilities, Weirdness & Mutations

You are immune to sickness and miasma.
Your stone body is resilient. (AC +5)
You are immune to poison.
You resist negative energy. (rN+)
You are resistant to electric shocks. (rElec)
You are resistant to unholy torment.
You are immune to petrification.


Message History

Duvessa attacks as you move away! Duvessa hits you with a +0 rapier.
Grinder says, "At least Makhleb appreciates what I'm doing."
Duvessa hits you with a +0 rapier! Duvessa attacks as you move away!
Duvessa hits you with a +0 rapier. Duvessa hits you but does no damage.
Duvessa hits you with a +0 rapier!
* * * LOW HITPOINT WARNING * * *
Duvessa attacks as you move away! Duvessa closely misses you.
Grinder drinks a potion.
Grinder flickers and vanishes!
Deactivating autopickup; reactivate with Ctrl-A.
Duvessa hits you with a +0 rapier!
* * * LOW HITPOINT WARNING * * *
The sky beast flickers out of sight!
You feel much better. You block Duvessa's attack.
Duvessa hits you with a +0 rapier!
A sky beast appears from thin air!
Reactivating autopickup.
Duvessa hits you but does no damage.
There is a stone staircase leading up here.
You hear a zap.
A puff of flame appears from out of thin air!
Deactivating autopickup; reactivate with Ctrl-A.
The puff of flame misses you. Duvessa hits you with a +0 rapier.
You climb upwards.
Reactivating autopickup.
There is a stone staircase leading down here.
Unknown command.
Unknown command.
Duvessa attacks as you move away! Duvessa hits you with a +0 rapier.
Duvessa rages.
Duvessa hits you with a +0 rapier!
* * * LOW HITPOINT WARNING * * *
Duvessa attacks as you move away! Duvessa hits you with a +0 rapier!
* * * LOW HITPOINT WARNING * * *
You feel much better. You block Duvessa's attack.
Duvessa hits you with a +0 rapier!
* * * LOW HITPOINT WARNING * * *
You feel very mighty all of a sudden. Duvessa hits you with a +0 rapier!
You die...

###########
#######.........#
###.......#######.#
#......##.# ##.###
#.#.##....# #.....
#.#.#####.# #..###
#.#.@e>...# #....#
#.############
#.##.# ##.#
#......# #.##.#
#..# #......#
#..... #.##
#......# ####.# #.#
#......######)#
##.#
#......##.....#
#..#
#......##.#####
#.#######......##.#


You could see Duvessa (berserk).

Vanquished Creatures
  Sigmund (D:5)
  Eustachio (D:6)
  A water moccasin (D:5)
  A sky beast (D:5)
  A black bear (D:5)
  A centaur (D:5)
  A bullfrog (D:6)
  3 scorpions
  Dowan (D:6)
  A howler monkey (D:5)
  2 hounds
  2 orc priests
  A jelly (D:6)
  2 iguanas (D:5)
  5 orc wizards
  3 gnolls (D:4)
  9 adders
  An ufetubus (D:6)
  4 worms
  4 dart slugs
  21 orcs
  7 endoplasms
  A giant cockroach (D:1)
  3 goblins
  6 hobgoblins
  3 jackals (D:2)
  4 quokkas
  9 ball pythons
  6 bats
  6 frilled lizards
  5 kobolds
  6 rats
122 creatures vanquished.

Notes
Turn   | Place    | Note
-------+----------+-------------------------------------------
     0 | D:1      | danielguo94 the Gargoyle Fighter began the quest for the
                  | Orb.
     0 | D:1      | Reached XP level 1. HP: 14/14 MP: 1/1
   292 | D:1      | Reached XP level 2. HP: 19/19 MP: 2/2
   304 | D:1      | Found a faded altar of an unknown god.
   962 | D:2      | Found Bousemunga's Weapon Shop.
   965 | D:2      | Reached XP level 3. HP: 24/24 MP: 3/3
  1083 | D:2      | Reached skill level 3 in Maces & Flails
  1113 | D:2      | Reached XP level 4. HP: 29/29 MP: 4/4
  1998 | D:3      | Reached skill level 4 in Maces & Flails
  1998 | D:3      | Reached XP level 5. HP: 17/33 MP: 5/5
  2035 | D:3      | Found a glowing silver altar of Zin.
  2046 | D:3      | Found a shadowy altar of Dithmenos.
  2047 | D:3      | Found a white marble altar of Elyvilon.
  2047 | D:3      | Found a hazy altar of Hepliaklqana.
  2509 | D:4      | Found a radiant altar of Vehumet.
  2584 | D:4      | Reached XP level 6. HP: 38/38 MP: 6/6
  2606 | D:4      | Reached skill level 5 in Maces & Flails
  2973 | D:4      | Found a shimmering blue altar of Sif Muna.
  3117 | D:5      | Entered Level 5 of the Dungeon
  3210 | D:5      | Noticed a sky beast
  3211 | D:5      | Noticed a black bear
  3245 | D:5      | Killed a black bear
  3246 | D:5      | Reached skill level 6 in Maces & Flails
  3246 | D:5      | Reached XP level 7. HP: 33/43 MP: 7/7
  3263 | D:5      | Reached skill level 1 in Dodging
  3515 | D:5      | Reached skill level 7 in Maces & Flails
  3620 | D:5      | Reached XP level 8. HP: 48/48 MP: 8/8
  3631 | D:5      | Noticed Sigmund
  3659 | D:5      | Killed Sigmund
  3702 | D:5      | Reached skill level 1 in Evocations
  3863 | D:6      | Found a bloodstained altar of Trog.
  3888 | D:6      | Reached skill level 8 in Maces & Flails
  3979 | D:6      | Noticed Duvessa
  3979 | D:6      | Noticed Dowan
  3992 | D:6      | Killed Dowan
  4093 | D:6      | Noticed Eustachio
  4108 | D:6      | Killed Eustachio
  4109 | D:6      | Reached skill level 5 in Fighting
  4160 | D:6      | Reached skill level 9 in Maces & Flails
  4326 | D:6      | Noticed Grinder
  4377 | D:5      | HP: 1/49 [Duvessa/+0 rapier (7)]
  4379 | D:5      | Slain by Duvessa

Illustrated notes

Levels and vault maps discovered:
D:1:      dpeg_arrival_tiny_h, layout_basic, shapermc_ecumenical_altar_gd
D:2:      layout_loops_ring, serial_shops, shop
D:3:      layout_loops_ring, chequers_temple_overflow_statue_of_worship
D:4:      layout_basic, mainiacjoe_overflow_six_doors_small, led_sif_book,
          dk_vineyard_1
D:5:      layout_loops_cross, uniq_sigmund
D:6:      layout_rooms, lemuel_tele_altar, nicolae_shop_dragon_depot,
          nicolae_lava_and_water, uniq_grinder, uniq_eustachio, uniq_duvessa

Skill      XL: |  1  2  3  4  5  6  7  8 |
---------------+-------------------------+-----
Maces & Flails | 3 4 6 7 9 |  9.0
Fighting       | 4 5 |  5.1
Armour         | 4 |  4.9
Shields        | 4 |  4.7
Dodging        | 1 |  1.5
Evocations     | 1 |  1.1

Action                     |  1- 3 |  4- 6 |  7- 9 || total
---------------------------+-------+-------+-------++-------
  Melee: Flail             |    93 |   192 |   184 ||   469
  Evoke: Wand              |       |     2 |     1 ||     3
    Use: Scroll            |       |     5 |     2 ||     7
         Potion            |       |       |     4 ||     4
 Armour: Scale mail        |    53 |    85 |       ||   138
         Chain mail        |       |    17 |   175 ||   192
  Dodge: Dodged            |    31 |   102 |   105 ||   238
  Block: Buckler           |    17 |    54 |    48 ||   119
